 Dungeon Crawl Stone Soup version 0.18.1-8-gdd0e5ea (webtiles) character file.

368 mrath the Chucker (level 6, -3/56 HPs)
             Began as a Minotaur Hunter on June 6, 2016.
             Slain by an orc wizard
             ... wielding a +0 dagger
              (4 damage)
             ... on level 4 of the Dungeon.
             The game lasted 00:12:55 (2719 turns).

mrath the Chucker (Minotaur Hunter)                 Turns: 2719, Time: 00:12:56

Health: -3/56      AC:  6    Str: 16    XL:     6   Next: 41%
Magic:  5/5        EV: 10    Int:  8    God:
Gold:   166        SH:  7    Dex: 13    Spells: 0 memorised, 5 levels left

rFire  . . .     SeeInvis .     x - +1 trident (flame)
rCold  + . .     Gourm    .     r - +1 leather armour {rC+}
rNeg   . . .     Faith    .     j - +0 shield (curse)
rPois  .         Spirit   .     (helmet restricted)
rElec  .         Dismiss  .     v - +1 cloak
rCorr  .         Reflect  .     (no gloves)
SustAt .         Harm     .     (no boots)
MR     .....                    (no amulet)
Stlth  +.........               (no ring)
                                (no ring)

@: not resistant to hostile enchantments, very unstealthy
A: retaliatory headbutt, horns 2
a: no special abilities


You were on level 4 of the Dungeon.
You were hungry.

You visited 1 branch of the dungeon, and saw 4 of its levels.

You collected 166 gold pieces.

Inventory:

Hand Weapons
 a - a +0 short sword
 b - a cursed -3 hand axe
 u - a +2 quarterstaff of chaos
 x - a +1 trident of flaming (weapon)
Missiles
 c - 6 javelins (quivered)
 d - 2 throwing nets
 h - 102 stones
 n - 14 tomahawks
 y - 23 poisoned needles
Armour
 j - a cursed +0 shield (worn)
 p - a +0 ring mail
 r - a +1 leather armour of cold resistance (worn)
 v - a +1 cloak (worn)
 w - a +0 cloak
Wands
 E - a wand of iceblast (8/15)
Scrolls
 e - a scroll of enchant weapon {unknown}
 g - 3 scrolls of identify
 i - 3 scrolls of remove curse
 q - 2 scrolls of immolation {unknown}
 F - a scroll of random uselessness {unknown}
 G - a scroll of fog {unknown}
Potions
 k - 2 potions of haste {unknown}
 m - a potion of resistance {unknown}
 o - a potion of lignification {unknown}
 s - a potion of curing {unknown}
 t - 2 potions of heal wounds {unknown}
 A - a potion of cure mutation {unknown}
 B - a potion of flight {unknown}
 C - a potion of might {unknown}
 D - 2 potions of degeneration {unknown}
Comestibles
 f - a bread ration
 l - a beef jerky
 z - 2 royal jellies
 H - 5 chunks of flesh


   Skills:
 + Level 5.4 Fighting
 + Level 5.4 Throwing
 + Level 4.4 Dodging
 - Level 0.7 Stealth


You had 5 spell levels left.
You didn't know any spells.

Dungeon Overview and Level Annotations

Branches:
Dungeon (4/15)
 Temple: D:4-7

Altars:
Dithmenos


Innate Abilities, Weirdness & Mutations

You reflexively headbutt those who attack you in melee.
You have a pair of horns on your head.


Message History

You barely miss the orc. The gnoll barely misses you.
You block the orc's attack. The orc hits you with a dagger.
The gnoll hits you from afar with a halberd.
The gnoll hits you with a flail. The gnoll hits you.
You closely miss the orc. The orc closely misses you.
The orc wizard gestures at you while chanting.
The magic dart hits you! The orc closely misses you.
The gnoll closely misses you. The gnoll hits you with a flail!
* * * LOW HITPOINT WARNING * * *
The gnoll barely misses you. The orc barely misses you.
The orc hits you but does no damage.
The orc wizard hits you but does no damage.
You closely miss the orc. Your headbutt misses the orc. The gnoll hits you.
* * * LOW HITPOINT WARNING * * *
The gnoll hits you from afar with a halberd.
* * * LOW HITPOINT WARNING * * *
The gnoll hits you with a flail.
* * * LOW HITPOINT WARNING * * *
The orc hits you but does no damage. The orc wizard hits you with a dagger.
You die...

#...####.....####
+...+.............
#...#####.##.#####
## #.##.# #..#.#
#######.#.#####
...............
########...#######
+.....)..((g@oo.<#.
#+#######..goo......
#.g#######..
###..#######
#...........
#.%.....$...
#..)>.......
#....g......
#...........


You could see an orc wizard, 3 gnolls and 3 orcs.

Vanquished Creatures
  Grinder (D:4)
  A centaur skeleton (D:4)
  Crazy Yiuf (D:2)
  A worker ant (D:4)
  3 adders (D:3)
  A worm (D:3)
  A dart slug (D:3)
  4 giant geckos
  8 orcs
  2 giant cockroaches
  8 goblins
  2 hobgoblins (D:3)
  3 quokkas
  2 ball pythons
  4 bats
  3 giant newts
  5 kobolds
  9 rats
59 creatures vanquished.

Notes
Turn   | Place    | Note
--------------------------------------------------------------
     0 | D:1      | mrath the Minotaur Hunter began the quest for the Orb.
     0 | D:1      | Reached XP level 1. HP: 18/18 MP: 0/0
   576 | D:1      | Reached XP level 2. HP: 24/25 MP: 1/1
   801 | D:2      | Found a shadowy altar of Dithmenos.
   987 | D:2      | Noticed Crazy Yiuf
   996 | D:2      | Killed Crazy Yiuf
   996 | D:2      | Reached XP level 3. HP: 29/31 MP: 2/2
  1895 | D:3      | Reached XP level 4. HP: 40/40 MP: 3/3
  2351 | D:4      | Reached XP level 5. HP: 42/47 MP: 4/4
  2412 | D:4      | Noticed Grinder
  2412 | D:4      | Paralysed by Grinder for 7 turns
  2440 | D:4      | Paralysed by Grinder for 7 turns
  2453 | D:4      | Paralysed by Grinder for 4 turns
  2462 | D:4      | Killed Grinder
  2462 | D:4      | Reached skill level 5 in Fighting
  2462 | D:4      | Reached skill level 5 in Throwing
  2462 | D:4      | Reached XP level 6. HP: 22/56 MP: 5/5
  2719 | D:4      | HP: 1/56 [gnoll/flail (4)]
  2719 | D:4      | Slain by an orc wizard

Skill      XL: |  1  2  3  4  5 |
---------------+----------------+-----
Fighting       | 3 4 5 |  5.4
Dodging        | 3 4 |  4.4
Throwing       | 5 |  5.4
Stealth        | |  0.7

Action                   |  1- 3 |  4- 6 || total
-------------------------+-------+-------++-------
Melee: Short sword       |    31 |       ||    31
       Headbutt          |     9 |     7 ||    16
       Quarterstaff      |    26 |    25 ||    51
       Trident           |       |    42 ||    42
Throw: Javelin           |     5 |    15 ||    20
       Throwing net      |       |     2 ||     2
  Use: Scroll            |       |     2 ||     2
  Eat: Chunk             |     3 |     2 ||     5
Armor: Leather armour    |    18 |    30 ||    48
Dodge: Dodged            |    56 |    43 ||    99
Block: Shield            |       |    19 ||    19
